Unix NetHack Version 3.7.0-65 Work-in-progress - last build Sep 26 2022 05:48:34 (a9070be95fe145525c880ceec589f5104d392f49,branch:master). Game began 2022-09-28 18:59:04, ended 2022-09-28 19:02:20. RaijinKnight, chaotic female elven Wizard ---------- |........| -------- -------- |.........# |....... #-.......## |........|# |....<.| #############|...>..| ## |........|# |.......### |......| ## ------.---# |......| ## |o.....| ##### ------- # # ---.---- ---.---- ###+.....| # ##### # ### #|.....| #### # # ## #......| # # ## # ### |.....| # # # ########## |...._| ------.- # -----|---------- # #---.-------- -.----- |...x..| #####|..............| # #|..........| # |......| #......Z......@.-#####|...(......| |.>....-#[## |............o.| #|..........| |......| ###*######`|..............| #...........| |......| ---------------- |..........| |......| ------------ -------- RaijinKnight the Evoker St:11 Dx:14 Co:12 In:20 Wi:9 Ch:9 Chaotic S:173 Dlvl:2 $:21 HP:0(11) Pw:8(8) AC:9 Xp:1/13 T:472 Latest messages: The kitten picks up an iron skull cap. The kitten drops an iron skull cap. You stop. Your kitten is in the way! The kitten picks up an iron skull cap. You swap places with your kitten. The door opens. The kitten drops an iron skull cap. The kitten picks up an iron skull cap. You try to move the boulder, but in vain. With great effort you move the boulder. In what direction? 6 The boulder falls apart. You see here 43 rocks. With great effort you move the boulder. You try to move the boulder, but in vain. You try to move the boulder, but in vain. You swap places with your kitten. You see here 43 rocks. You see here an iron skull cap. You kill the newt! You kill the jackal! You kill the jackal! There is a jackal corpse here; eat it? [ynq] (n) y This jackal corpse is fatty. You finish eating the jackal corpse. The kitten eats a jackal corpse. You see here 4 gold pieces. $ - 4 gold pieces (17 in total). You descend the stairs. You climb up the stairs. There is an altar to Anhur (chaotic) here. You see here a leash. You see here 4 gold pieces. $ - 4 gold pieces (21 in total). You already found a monster. Use 'm' prefix to force another search. You already found a monster. Use 'm' prefix to force another search. You already found a monster. Use 'm' prefix to force another search. You destroy the kobold zombie! You find a hidden door. The door opens. The goblin thrusts his crude dagger. The goblin hits! You hit the goblin. The goblin thrusts his crude dagger. The goblin hits! You miss the goblin. The goblin thrusts his crude dagger. The goblin hits! You die... Do you want your possessions identified? [ynq] (y) q Inventory: Coins $ - 21 gold pieces Weapons a - a blessed +1 quarterstaff (weapon in hands) Armor b - an uncursed +0 cloak of magic resistance (being worn) Scrolls k - an uncursed scroll of food detection j - an uncursed scroll of identify i - a blessed scroll of taming p - an uncursed scroll of teleportation Spellbooks m - an uncursed spellbook of clairvoyance l - a blessed spellbook of force bolt Potions h - an uncursed potion of confusion g - an uncursed potion of invisibility s - an uncursed potion of paralysis f - an uncursed potion of restore ability Rings d - an uncursed ring of conflict e - an uncursed ring of protection from shape changers Wands c - a wand of striking (0:6) Tools o - an uncursed bugle n - an uncursed blindfold q - an uncursed magic whistle r - an uncursed tin whistle RaijinKnight the Wizard's attributes: Background: You were an Evoker, a level 1 female elven Wizard. You were chaotic, on a mission for Anhur who was opposed by Ptah (lawful) and Thoth (neutral). You were in the Dungeons of Doom, on level 2. You entered the dungeon 472 turns ago. You had 13 experience points, 7 more were needed to attain level 2. Your score was 173 before end-of-game adjustments. Basics: You had 0 out of 11 hit points. You had all 8 energy points (spell power). Your armor class was 9. Your wallet contained 21 zorkmids. Autopickup was off. Final Characteristics: Your strength was 11 (limit:18). Your dexterity was 14 (limit:18). Your constitution was 12 (limit:16). Your intelligence was 20 (limit:20). Your wisdom was 9 (limit:20). Your charisma was 9 (limit:18). Final Status: You were not hungry. You were unencumbered. You were wielding a quarterstaff. You had basic skill with quarterstaff. Final Attributes: You were fervently aligned. You were magic-protected. You had infravision. You were warded. You are dead. Miscellaneous: You never encountered a bones level. Total elapsed playing time was 3 minutes and 15 seconds. Major events: Turn 1: RaijinKnight the chaotic female elven Wizard entered the dungeon 261: entered the Gnomish Mines 472: killed by a goblin Vanquished creatures: 2 jackals a goblin a kobold zombie 4 newts 8 creatures vanquished. No species were genocided or became extinct. Voluntary challenges: You were an atheist. You were illiterate. You never engraved Elbereth. You never genocided any monsters. You never polymorphed an object. You never changed form. You used no wishes. Achievement: You entered the Gnomish Mines. The Dungeons of Doom: levels 1 to 3 Level 1: Level 2: <- You were here. An altar to Anhur. Stairs down to The Gnomish Mines. Final resting place for you, killed by a goblin. Level 3: The Gnomish Mines: Level 3: Game over: ---------- / \ / REST \ / IN \ / PEACE \ / \ | RaijinKnight | | 21 Au | | killed by a | | goblin | | | | | | 2022 | *| * * * | * _________)/\\_//(\/(/\)/\//\/|_)_______ Goodbye RaijinKnight the Wizard... You died in The Dungeons of Doom on dungeon level 2 with 171 points, and 21 pieces of gold, after 472 moves. You were level 1 with a maximum of 11 hit points when you died.